 Dungeon Crawl Stone Soup version 0.27-a0-797-g27d10ad80f (webtiles) character file.

Game seed: 15437508614267641758

1698 porpoise the Grappler (level 8, -16/80 HPs)
             Began as a Troll Hedge Wizard on Mar 27, 2021.
             Was an Initiate of Dithmenos.
             Killed from afar by a steam dragon (20 damage)
             ... with a ball of steam
             ... on level 6 of the Dungeon.
             The game lasted 00:19:37 (5739 turns).

porpoise the Grappler (Troll Hedge Wizard)          Turns: 5739, Time: 00:19:39

Health: -16/80     AC:  4    Str: 19    XL:     8   Next: 72%
Magic:  19/19      EV: 10    Int: 12    God:    Dithmenos [......]
Gold:   358        SH:  0    Dex:  9    Spells: 10/11 levels left

rFire    . . .     SeeInvis .     - Unarmed
rCold    . . .     Faith    .   (no shield)
rNeg     . . .     Spirit   .   s - +0 robe
rPois    .         Reflect  .   c - +0 hat
rElec    .         Harm     .   e - scarf {+Inv}
rCorr    .         Rampage  .   (gloves unavailable)
Will     .....                  (boots unavailable)
Stlth    +.........             r - amulet of regeneration
HPRegen  2.23/turn              x - ring of magical power
MPRegen  0.16/turn              (no ring)

@: no status effects
A: large, unfitting armour, claws 3, regeneration 1, shaggy fur 1, tough skin 1
a: Renounce Religion, Evoke Invisibility


You were on level 6 of the Dungeon.
You worshipped Dithmenos.
Dithmenos was noncommittal.
You visited 2 branches of the dungeon, and saw 7 of its levels.

You collected 358 gold pieces.

Inventory:

Hand Weapons
 b - the +8 hand crossbow of Vodka {penet, Stlth+}
   (You found it on level 4 of the Dungeon)

   Ammo fired by it passes through the targets it hits, potentially hitting all
   targets in its path until it reaches maximum range.
   It makes you more stealthy.
Missiles
 l - 5 boomerangs
 m - 29 poisoned darts
 t - 29 bolts
Armour
 c - a +0 hat (worn)
 e - a scarf of invisibility (worn)
 s - a +0 robe (worn)
Jewellery
 r - an amulet of regeneration (around neck)
 x - a ring of magical power (left claw)
Wands
 i - a wand of polymorph (2)
 n - a wand of flame (24)
 y - a wand of iceblast (11)
Scrolls
 a - a scroll of magic mapping {unknown}
 f - 3 scrolls of teleportation
 g - 2 scrolls of silence
 h - 2 scrolls of fog
 j - a scroll of immolation {unknown}
 q - a scroll of vulnerability {unknown}
 u - a scroll of fear {unknown}
Potions
 d - a potion of lignification {unknown}
 k - a potion of magic
 o - a potion of berserk rage
 p - a potion of mutation
 w - a potion of curing


   Skills:
 - Level 5.0 Fighting
 + Level 2.0 Dodging
 - Level 1.0 Stealth
 * Level 9.1 Unarmed Combat
 - Level 2.0 Spellcasting
 - Level 0.6 Conjurations
 - Level 0.6 Summonings
 - Level 0.6 Translocations


You had 10 spell levels left.
You knew the following spells:

 Your Spells              Type           Power      Damage    Failure   Level
a - Magic Dart            Conj           8%         1d3       22%         1

Your spell library contained the following spells:

 Spells                   Type           Power      Damage    Failure   Level
 Apportation              Tloc           4%         N/A       22%         1
 Summon Small Mammal      Summ           8%         N/A       22%         1
 Animate Skeleton         Necr           2%         N/A       26%         1
 Corona                   Hex            1%         N/A       26%         1
 Blink                    Tloc           N/A        N/A       32%         2
 Call Imp                 Summ           2%         N/A       32%         2
 Ensorcelled Hibernation  Hex/Ice        2%         N/A       38%         2
 Slow                     Hex            1%         N/A       38%         2
 Conjure Flame            Conj/Fire      1%         6-21      58%         3
 Dazzling Flash           Conj/Hex       2%         N/A       58%         3
 Mephitic Cloud           Conj/Pois/Air  1%         N/A       58%         3
 Confusing Touch          Hex            1%         N/A       63%         3
 Tukima's Dance           Hex            1%         N/A       63%         3


Dungeon Overview and Level Annotations

Branches:
Dungeon (6/15)             Temple (1/1) D:6

Altars:
Ashenzari
Dithmenos
Elyvilon
Fedhas
Gozag
Hepliaklqana
Kikubaaqudgha
Makhleb
Nemelex Xobeh
Okawaru
Qazlal
Ru
Sif Muna
Trog
Uskayaw
Vehumet
Wu Jian
Xom
Yredelemnul
Zin
The Shining One

Annotations:
D:3 1 runed translucent door, tinescath's ghost, amateur GrEE


Innate Abilities, Weirdness & Mutations

You are too large for most types of armour.
You have claws for hands.
Your natural rate of healing is unusually fast.
You are covered in fur. (AC +1)
You have tough skin. (AC +1)


Message History

The scorpion dies!
Your Dodging skill increases to level 2!
You are now empty-clawed.
You are engulfed in a cloud of scalding steam.
The steam dragon breathes steam at you. The ball of steam hits you!!
You are too injured to fight recklessly!
The steam dragon bites you!
The steam dragon claws you but does no damage.
You are too injured to fight recklessly!
You claw the steam dragon!
The steam dragon is severely wounded.
The steam dragon barely misses you. The steam dragon claws you.
You closely miss the steam dragon.
The steam dragon is severely wounded.
The steam dragon barely misses you. The steam dragon claws you.
You barely miss the steam dragon.
The steam dragon is severely wounded.
You are engulfed in a cloud of scalding steam.
The steam dragon bites you.
* * * LOW HITPOINT WARNING * * *
The steam dragon claws you.
* * * LOW HITPOINT WARNING * * *
The steam dragon breathes steam at you. The ball of steam hits you!
* * * LOW HITPOINT WARNING * * *
You feel much better.
You are engulfed in a cloud of scalding steam.
* * * LOW HITPOINT WARNING * * *
The steam dragon bites you.
* * * LOW HITPOINT WARNING * * *
The steam dragon claws you.
* * * LOW HITPOINT WARNING * * *
You scratch the steam dragon.
The steam dragon is almost dead.
You are engulfed in a cloud of scalding steam.
* * * LOW HITPOINT WARNING * * *
The steam dragon breathes steam at you. The ball of steam hits you!!
You die...

###........###
##.⌠.⌠.⌠...# #
###....###
#..8.8.8...# #
###.##
##..........#
#..#
##...........#
#.>#
#............#
##.##
#..........###
#..#
###..####.(.##
#..#####..D(#
#####
##.......@..#
#...#######.(#
##.### ##..#
#..# #.(# ##
##..# #.(#
.#####...##
##.
...##.....#
._........#
.....##....#


You could see a steam dragon (catching breath).

Vanquished Creatures
  Grinder (D:5)
  Duvessa (D:5)
  2 ice beasts (D:5)
  An ogre (D:5)
  A phantom (D:5)
  2 bullfrogs (D:6)
  3 scorpions
  A water moccasin skeleton (D:4)
  Dowan (D:5)
  2 howler monkeys
  A centaur zombie (D:5)
  A jelly (D:4)
  An orc priest (D:6)
  Ijyb (D:3)
  A gnoll shaman (D:6)
  Terence (D:3)
  5 iguanas
  An orc wizard (D:3)
  Robin (D:3)
  4 gnolls (D:6)
  8 adders
  A shadow imp (D:6)
  An ufetubus (D:5)
  An adder skeleton (D:4)
  A worm (D:2)
  3 dart slugs (D:1)
  8 orcs
  5 bats
  5 endoplasms
  2 giant cockroaches
  12 goblins
  10 hobgoblins
  6 jackals (D:2)
  4 quokkas
  7 ball pythons
  7 frilled lizards
  2 kobolds (D:4)
  5 rats
120 creatures vanquished.

Vanquished Creatures (others)
  A scorpion (D:6)
1 creature vanquished.

Grand Total: 121 creatures vanquished

Notes
Turn   | Place    | Note
-------+----------+-------------------------------------------
     0 | D:1      | porpoise the Troll Hedge Wizard began the quest for the
                  | Orb.
     0 | D:1      | Reached XP level 1. HP: 16/16 MP: 2/2
   240 | D:1      | Reached skill level 1 in Unarmed Combat
   397 | D:1      | Reached XP level 2. HP: 26/26 MP: 4/4
   805 | D:1      | Reached skill level 2 in Unarmed Combat
   969 | D:1      | Reached skill level 1 in Fighting
  1122 | D:2      | Reached XP level 3. HP: 33/33 MP: 5/5
  1558 | D:2      | Reached skill level 3 in Unarmed Combat
  1558 | D:2      | Reached XP level 4. HP: 27/41 MP: 6/6
  2237 | D:3      | Noticed Ijyb
  2239 | D:3      | Noticed Robin
  2560 | D:3      | Noticed Terence
  2568 | D:3      | Killed Terence
  2569 | D:3      | Reached skill level 4 in Unarmed Combat
  2569 | D:3      | Reached XP level 5. HP: 34/49 MP: 7/7
  2688 | D:3      | Killed Robin
  2812 | D:3      | Found a runed translucent door.
  2968 | D:3      | Noticed tinescath's ghost (amateur GrEE)
  3012 | D:3      | Killed Ijyb
  3098 | D:4      | Reached XP level 6. HP: 45/59 MP: 8/8
  3357 | D:4      | Reached skill level 5 in Unarmed Combat
  3511 | D:4      | Identified the +8 hand crossbow of Vodka {penet, Stlth+}
  3799 | D:4      | Identified the +0 pair of boots of Precision Catastrophes
                  | {Harm +Blink}
  3879 | D:5      | Entered Level 5 of the Dungeon
  3919 | D:5      | Noticed an ice beast
  3925 | D:5      | Killed an ice beast
  3947 | D:5      | Noticed an ice beast
  3960 | D:5      | Killed an ice beast
  3961 | D:5      | Reached skill level 6 in Unarmed Combat
  3961 | D:5      | Reached XP level 7. HP: 29/67 MP: 9/9
  4287 | D:5      | Noticed Grinder
  4296 | D:5      | Killed Grinder
  4297 | D:5      | Reached skill level 7 in Unarmed Combat
  4347 | D:5      | Noticed Duvessa
  4347 | D:5      | Noticed Dowan
  4349 | D:5      | Killed Dowan
  4350 | D:5      | Reached XP level 8. HP: 54/78 MP: 10/10
  4353 | D:5      | Killed Duvessa
  4421 | D:5      | Reached skill level 8 in Unarmed Combat
  5346 | D:6      | Found a shimmering blue altar of Sif Muna.
  5347 | D:6      | Found a basalt altar of Yredelemnul.
  5354 | D:6      | Reached skill level 5 in Fighting
  5366 | D:6      | Reached skill level 9 in Unarmed Combat
  5387 | D:6      | Found a sparkling altar of Nemelex Xobeh.
  5389 | D:6      | Found an ancient bone altar of Kikubaaqudgha.
  5389 | D:6      | Found a blossoming altar of Fedhas.
  5450 | D:6      | Found a staircase to the Ecumenical Temple.
  5518 | Temple   | Entered the Ecumenical Temple
  5695 | Temple   | Became a worshipper of Dithmenos the Shadowed
  5739 | D:6      | HP: 2/80 [steam dragon] (10)]
  5739 | D:6      | Killed from afar by a steam dragon

Illustrated notes

Levels and vault maps discovered:
D:1:      denvon_arrival_waterhouse, layout_loops_ring
D:2:      layout_loops_ring, wander_ebering_terrifying_dragon_lair
D:3:      cheibrodos_helix_gallery, layout_rooms, ebering_ghost_sewer_d,
          uniq_terence, uniq_ijyb, uniq_robin
D:4:      layout_rooms
D:5:      layout_basic, uniq_grinder, uniq_duvessa
D:6:      layout_cave_pods, grunt_temple_overflow_open,
          minmay_temple_entry_drinking_statues
Temple:   nicolae_temple_elliptical

Skill      XL: |  1  2  3  4  5  6  7  8 |
---------------+-------------------------+-----
Unarmed Combat | 1 2 3 4 6 7 9 |  9.1
Fighting       | 1 2 3 4 5 |  5.0
Dodging        | 2 |  2.0
Stealth        | |  1.0
Spellcasting   | |  2.0
Conjurations   | |  0.6
Summonings     | |  0.6
Translocations | |  0.6

Action                   |  1- 3 |  4- 6 |  7- 9 || total
-------------------------+-------+-------+-------++-------
Melee: Unarmed           |    98 |   199 |    22 ||   319
       Punch             |       |     2 |       ||     2
 Fire: Hand crossbow     |       |    11 |    55 ||    66
  Use: Potion            |       |     2 |     1 ||     3
       Scroll            |       |       |     8 ||     8
 Stab: Sleeping          |     2 |     1 |       ||     3
Armor: Robe              |    27 |    73 |     6 ||   106
Dodge: Dodged            |    39 |    90 |    13 ||   142

Table legend: (Time is in decaauts)
 A = Elapsed time spent in this place.
 B = Non-inter-level travel time spent in this place.
 C = Inter-level travel time spent in this place.
 D = Time resting spent in this place.
 E = Time spent auto-exploring this place.
 F = Levels seen in this place.
 G = Mean time per level.
                   A        B        C        D        E       F      G
               +--------+--------+--------+--------+--------+-----+--------+
         Total |   5728 |   5316 |    412 |   1403 |   3045 |   7 |  818.3 |
       Dungeon |   5539 |   5158 |    381 |   1403 |   2888 |   6 |  923.2 |
        Temple |    188 |    158 |     30 |      0 |    157 |   1 |  188.0 |
               +--------+--------+--------+--------+--------+-----+--------+

Top non-repeatable levels by time:
     D:2: 1283 daAuts
     D:1: 1185 daAuts
     D:5: 1087 daAuts
     D:3: 807 daAuts
     D:6: 601 daAuts
     D:4: 574 daAuts
  Temple: 188 daAuts
